 Dungeon Crawl Stone Soup version 0.21-a0-1-gaf3b9a5 (webtiles) character file.

3 Gorglomux the Insei (level 1, 0/15 HPs)
             Began as a Barachi Transmuter on May 20, 2017.
             Slain by a frilled lizard (2 damage)
             ... on level 1 of the Dungeon.
             The game lasted 00:00:44 (237 turns).

Gorglomux the Insei (Barachi Transmuter)             Turns: 237, Time: 00:00:45

Health: 0/15       AC:  2    Str: 11    XL:     1   Next: 50%
Magic:  3/3        EV: 12    Int: 13    God:
Gold:   0          SH:  0    Dex: 12    Spells: 3/4 levels left

rFire    . . .     SeeInvis +     - Unarmed
rCold    . . .     Gourm    .   (no shield)
rNeg     . . .     Faith    .   b - +0 robe
rPois    .         Spirit   .   (no helmet)
rElec    .         Reflect  .   (no cloak)
rCorr    .         Harm     .   (no gloves)
MR       .....                  (no boots)
Stlth    +.........             (no amulet)
Regen    0.1/turn               e - ring of see invisible {sInv, !d}
MPRegen  0.1/turn               (no ring)

@: can't hop, slow
A: +LOS, swims, slowness 1, strong legs 1
a: Hop


You were on level 1 of the Dungeon.
You were not hungry.

You visited 1 branch of the dungeon, and saw 1 of its levels.

Inventory:

Missiles
 a - 12 arrows
Armour
 b - a +0 robe (worn)
Jewellery
 e - a ring of see invisible (left hand) {sInv, !d}
   (You found it on level 1 of the Dungeon)
Books
 c - a book of Changes
Comestibles
 d - a bread ration {@e1}


   Skills:
 - Level 1.2 Fighting
 - Level 2.1 Dodging
 + Level 3.4 Unarmed Combat
 + Level 2.2 Spellcasting
 + Level 2.3 Transmutations


You had 3 spell levels left.
You knew the following spells:

 Your Spells              Type           Power        Failure   Level  Hunger
a - Beastly Appendage     Tmut           #.....       10%         1    ##.....


Dungeon Overview and Level Annotations

Branches:
Dungeon (1/15)

Altars:


Innate Abilities, Weirdness & Mutations

Shadows flee at your approach. (+LOS)
You can swim through water.
You cover ground slowly.
You can hop short distances.


Message History

The jackal barks!
You hit the kobold but do no damage.
A jackal comes into view.
Unknown command.
You barely miss the kobold. The kobold barely misses you.
The jackal moves out of view.
A jackal comes into view.
Unknown command.
You barely miss the kobold.
The jackal barks!
Your kick misses the kobold.
Your transformation is almost over.
The kobold hits you. The kobold barely misses you.
The jackal completely misses you.
You barely miss the kobold. The kobold hits you.
You hit the kobold but do no damage. You claw the kobold.
Your punch misses the kobold. The kobold closely misses you.
The jackal pauses to sniff the ground.
You hit the kobold. You claw the kobold, but do no damage.
Your talons disappear.
The kobold misses you.
You barely miss the kobold. The kobold hits you but does no damage.
You hit the kobold but do no damage. The kobold misses you.
You closely miss the kobold. The kobold hits you.
You hit the kobold but do no damage. The kobold hits you.
Your feet morph into talons.
The kobold hits you.
Unknown command.
You hit the kobold.
You kill the kobold!
The jackal closely misses you. The jackal barely misses you.
The jackal bites you. The jackal closely misses you.
You see here a kobold corpse.
You hit the jackal. Your kick misses the jackal.
The jackal barely misses you. x2
The jackal bites you. x2
* * * LOW HITPOINT WARNING * * *
The jackal bites you.
* * * LOW HITPOINT WARNING * * *
Unknown command.
Hop to where?
Boing!
As you read the scroll labeled XEUBUN YTTA, it crumbles to dust.
It is a scroll of identify.
f - a scroll of teleportation The jackal closely misses you.
The jackal barely misses you.
As you read the scroll of teleportation, it crumbles to dust.
You feel strangely unstable. The jackal barely misses you.
The jackal barely misses you.
Your surroundings suddenly seem different.
A giant cockroach comes into view.
The giant cockroach bites you but does no damage.
The giant cockroach completely misses you.
You closely miss the giant cockroach.
You claw the giant cockroach, but do no damage.
Your transformation is almost over.
The giant cockroach barely misses you.
You closely miss the giant cockroach.
You claw the giant cockroach, but do no damage.
The giant cockroach bites you.
* * * LOW HITPOINT WARNING * * *
Unknown command.
You barely miss the giant cockroach. The giant cockroach barely misses you.
Unknown command.
You completely miss the giant cockroach.
The giant cockroach bites you but does no damage.
Unknown command.
You closely miss the giant cockroach. The giant cockroach barely misses you.
Unknown command.
You closely miss the giant cockroach. Your kick misses the giant cockroach.
The giant cockroach barely misses you. The giant cockroach closely misses you.
Unknown command.
You hit the giant cockroach.
You claw the giant cockroach, but do no damage.
The giant cockroach barely misses you.
Unknown command.
You hit the giant cockroach.
You kill the giant cockroach!
Unknown command.
You see here a giant cockroach corpse.
You butcher the giant cockroach corpse.
You see here a chunk of flesh {@w0}.
A frilled lizard comes into view.
Your talons disappear.
You see here a runed garnet ring.
e - a runed garnet ring A leopard gecko and a kobold come into view.
Put on which piece of jewellery? (? for menu, Esc to quit)
e - a ring of see invisible (left hand)
The leopard gecko hisses angrily.
Found a stone staircase leading down.
The frilled lizard bites you.
* * * LOW HITPOINT WARNING * * *
The frilled lizard closely misses you.
You closely miss the frilled lizard. The frilled lizard bites you.
* * * LOW HITPOINT WARNING * * *
The jackal barks!
You hit the frilled lizard but do no damage.
The frilled lizard bites you.
You die...

#...l......#........ #..
.......#........ #####..
......#%.......
#......####K#.##..###..#
#.......................
#......###l.#.##.......#
#......+......>.........
##......###K.............
........@lhlh.h......h...
##....!.####.#.....###...
#...... #.#.....# ...
#...... #.#....... .h
######. #.#######.# #.
#.# .# #. #.# #....... #.
#.# #....... #. .#
#.....$.


You could see a leopard gecko, 3 jackals, a kobold and a frilled lizard.

Vanquished Creatures
  A giant cockroach (D:1)
  2 kobolds (D:1)
3 creatures vanquished.

Notes
Turn   | Place    | Note
-------+----------+-------------------------------------------
     0 | D:1      | Gorglomux the Barachi Transmuter began the quest for the Orb.
     0 | D:1      | Reached XP level 1. HP: 15/15 MP: 3/3
   206 | D:1      | HP: 3/15 [jackal (1)]
   215 | D:1      | HP: 3/15 [giant cockroach (1)]
   230 | D:1      | HP: 3/15 [frilled lizard (1)]
   236 | D:1      | HP: 2/15 [frilled lizard (1)]
   237 | D:1      | Slain by a frilled lizard

Vault maps used:
D:1:      evilmike_arrival_run_for_it, grunt_decor_fettered,
          hangedman_decor_riveting

Action                   || total
-------------------------++-------
Melee: Unarmed           ||    29
       Kick              ||     5
 Cast: Beastly Appendage ||     3
 Abil: Hop               ||     1
  Use: Scroll            ||     2
Armor: Robe              ||     4
Dodge: Dodged            ||    28

Vault maps used:
D:1:      evilmike_arrival_run_for_it, grunt_decor_fettered,
          hangedman_decor_riveting

Table legend:
 A = Turns spent in this place as a percentage of turns spent in the entire game.
 B = Non-inter-level travel turns spent in this place as a percentage of non-inter-level travel turns spent in the entire game.
 C = Inter-level travel turns spent in this place as a percentage of turns spent in this place.
 D = Turns resting spent in this place as a percentage of non-inter-level travel turns spent in this place.
 E = Turns spent auto-exploring this place as a percentage of non-inter-level travel turns spent in this place.
 F = Non-inter-level travel turns spent in this place divided by the number of levels of this place that you've seen.
                   A       B       C       D       E      F
               +-------+-------+-------+-------+-------+----------------------
         Total | 100.0 | 100.0 |   0.0 |   2.6 |   3.5 | 114.0
       Dungeon | 100.0 | 100.0 |   0.0 |   2.6 |   3.5 | 114.0
               +-------+-------+-------+-------+-------+----------------------

Table legend:
 A = Kills in this place as a percentage of kills in entire the game.
 B = Kills by you in this place as a percentage of kills by you in the entire game.
 C = Kills by friends in this place as a percentage of kills by friends in the entire game.
 D = Other kills in this place as a percentage of other kills in the entire game.
 E = Experience gained in this place as a percentage of experience gained in the entire game.
 F = Experience gained in this place divided by the number of levels of this place that you have seen.
                   A       B       C       D       E      F
               +-------+-------+-------+-------+-------+----------------------
         Total | 100.0 | 100.0 |  -nan |  -nan | 100.0 |   5.0
       Dungeon | 100.0 | 100.0 |  -nan |  -nan | 100.0 |   5.0
               +-------+-------+-------+-------+-------+----------------------
